 Dungeon Crawl Stone Soup version 0.20-a0-1018-ge435b50 (webtiles) character file.

69001 dvd the Thaumaturge (level 14, -11/99 HPs)
             Began as a Demonspawn Ice Elementalist on Apr 17, 2017.
             Was the Champion of Cheibriados.
             Mangled by Donald
             ... wielding a +0 broad axe of chopping
              (12 damage)
             ... on level 2 of the Orcish Mines.
             The game lasted 01:53:31 (20895 turns).

dvd the Thaumaturge (Demonspawn Ice Elementalist)  Turns: 20895, Time: 01:53:37

Health: -11/99     AC: 23    Str: 25    XL:     14   Next: 88%
Magic:  29/29      EV: 19    Int: 47    God:    Cheibriados [******]
Gold:   2256       SH:  8    Dex: 29    Spells: 7/36 levels left

rFire    + . .     SeeInvis .   z - +10 scimitar "Pendulum" {slice, *Contam Str+3 Int+6}
rCold    + . .     Gourm    .   (no shield)
rNeg     + + .     Faith    .   H - +2 robe {rC+ rF+}
rPois    .         Spirit   .   (helmet restricted)
rElec    +         Reflect  .   M - +0 cloak "Kech" {rElec rC- Int+3 Stlth+} (curse)
rCorr    .         Harm     .   t - +2 pair of gloves
MR       ++...                  r - +2 pair of boots
Stlth    +++++.....             w - amulet of regeneration
Regen    0.7/turn               C - +4 ring of slaying
MPRegen  0.3/turn               X - ring of Facosal {rC+ rN++ Str-5 Int+3}

@: icy armour, about to teleport, very slow
A: antennae 1, large bone plates 3, demonic guardian 2, magic resistance 1,
sense surroundings 1, powered by pain 1, strong 1
a: Bend Time, Temporal Distortion, Slouch, Step From Time, Renounce Religion


You were on level 2 of the Orcish Mines.
You worshipped Cheibriados.
Cheibriados was exalted by your worship.
You were not hungry.

You visited 4 branches of the dungeon, and saw 21 of its levels.

You collected 2256 gold pieces.

Inventory:

Hand Weapons
 a - a +8 flail of crushing
 z - the +10 scimitar "Pendulum" (weapon) {slice, *Contam Str+3 Int+6}
   (You took it off an orc warrior on level 1 of the Orcish Mines)

   It inflicts extra damage upon your enemies.
   It affects your strength (+3).
   It affects your intelligence (+6).
   It causes magical contamination when unequipped.
 A - the +9 mace "Oqosusof" {drain, rC+}
   (You found it on level 5 of the Lair of Beasts)

   A truly terrible weapon, it drains the life of those it strikes.
   It protects you from cold.
 D - the +5 demon whip "Fegimirgh" {drain, *Corrode +Blink Str+5 Dex+3}
   (You took it off an orc on level 1 of the Orcish Mines)

   A truly terrible weapon, it drains the life of those it strikes.
   It affects your strength (+5).
   It affects your dexterity (+3).
   It lets you blink.
   It may corrode you when you take damage.
 V - the +7 short sword of Wrongful Imprisonment {pierce, rPois Str+2}
   (You found it on level 2 of the Lair of Beasts)

   It inflicts extra damage upon your enemies.
   It affects your strength (+2).
   It protects you from poison.
Missiles
 d - 6 silver tomahawks (quivered)
Armour
 r - a +2 pair of boots (worn)
 t - a +2 pair of gloves (worn)
 H - a +2 robe of resistance (worn)
 M - the cursed +0 cloak "Kech" (worn) {rElec rC- Int+3 Stlth+}
   (You found it on level 6 of the Lair of Beasts)

   It affects your intelligence (+3).
   It makes you vulnerable to cold.
   It insulates you from electricity.
   It makes you more stealthy.
   It has a curse placed upon it.
 U - the +3 robe of the Equator {rElec Dex-3 Slay+5}
   (You took it off a spriggan on level 6 of the Lair of Beasts)

   It affects your dexterity (-3).
   It affects your accuracy and damage with ranged weapons and melee attacks
   (+5).
   It insulates you from electricity.
Jewellery
 i - an uncursed ring of protection from magic
 w - an amulet of regeneration (around neck)
 C - a +4 ring of slaying (left hand)
 I - a +5 ring of dexterity
 X - the ring of Facosal (right hand) {rC+ rN++ Str-5 Int+3}
   (You took it off a spriggan on level 6 of the Lair of Beasts)

   [ring of protection from cold]

   It affects your strength (-5).
   It affects your intelligence (+3).
   It protects you from cold.
   It greatly protects you from negative energy.
Wands
 g - a wand of paralysis (8/24)
 l - a wand of acid (6/15)
 x - a wand of digging (16/24)
 y - a wand of confusion (35/48)
 E - a wand of flame (15/48)
 K - a wand of clouds (8/9)
 W - a wand of enslavement (15/24)
Scrolls
 n - 12 scrolls of identify
 o - 8 scrolls of teleportation
 N - a scroll of enchant armour
 O - 3 scrolls of blinking
 P - 2 scrolls of fog
 S - a scroll of remove curse
Potions
 j - 6 potions of curing
 k - a potion of mutation
 p - a potion of brilliance
 s - 3 potions of agility
 B - 2 potions of magic
 G - 2 potions of might
 J - 4 potions of flight
 L - 7 potions of heal wounds
Books
 b - a book of Frost

   Spells                             Type                      Level
   a - Freeze                         Ice                          1
   b - Throw Frost                    Conjuration/Ice              2
   c - Ozocubu's Armour               Charms/Ice                   3
   d - Throw Icicle                   Conjuration/Ice              4
   e - Summon Ice Beast               Ice/Summoning                4
 e - a book of Necromancy

   Spells                             Type                      Level
   a - Pain                           Necromancy                   1
   b - Animate Skeleton               Necromancy                   1
   c - Vampiric Draining              Necromancy                   3
   d - Regeneration                   Charms/Necromancy            3
   e - Animate Dead                   Necromancy                   4
   f - Control Undead                 Necromancy                   4
 m - a book of Clouds

   Spells                             Type                      Level
   a - Poisonous Vapours              Poison/Air                   2
   b - Mephitic Cloud                 Conjuration/Poison/Air       3
   c - Conjure Flame                  Conjuration/Fire             3
   d - Freezing Cloud                 Conjuration/Ice/Air          6
   e - Ring of Flames                 Charms/Fire                  7
 u - a book of Annihilations

   Spells                             Type                      Level
   a - Poison Arrow                   Conjuration/Poison           6
   b - Chain Lightning                Conjuration/Air              8
   c - Lehudib's Crystal Spear        Conjuration/Earth            8
   d - Glaciate                       Conjuration/Ice              9
   e - Fire Storm                     Conjuration/Fire             9
 F - a Young Poisoner's Handbook

   Spells                             Type                      Level
   a - Sting                          Conjuration/Poison           1
   b - Poisonous Vapours              Poison/Air                   2
   c - Mephitic Cloud                 Conjuration/Poison/Air       3
   d - Olgreb's Toxic Radiance        Poison                       4
   e - Venom Bolt                     Conjuration/Poison           5
 R - a book of Changes

   Spells                             Type                      Level
   a - Beastly Appendage              Transmutation                1
   b - Sticks to Snakes               Transmutation                2
   c - Spider Form                    Transmutation/Poison         3
   d - Ice Form                       Ice/Transmutation            4
   e - Blade Hands                    Transmutation                5
 Y - a book of Air

   Spells                             Type                      Level
   a - Shock                          Conjuration/Air              1
   b - Swiftness                      Charms/Air                   2
   c - Static Discharge               Conjuration/Air              3
   d - Airstrike                      Air                          4
   e - Lightning Bolt                 Conjuration/Air              5
Comestibles
 c - 14 bread rations
 f - 12 meat rations
 h - 9 royal jellies
 q - 32 fruits
 v - 12 chunks of flesh


   Skills:
 + Level 5.8 Fighting
 + Level 1.7(2.0) Short Blades
 * Level 1.2(1.7) Long Blades
 + Level 9.5 Maces & Flails
 + Level 2.8 Armour
 + Level 6.3 Dodging
 + Level 5.7 Stealth
 + Level 11.9 Spellcasting
 + Level 6.6 Conjurations
 + Level 5.6 Charms
 + Level 2.2 Summonings
 + Level 2.9 Necromancy
 + Level 11.4 Ice Magic
 + Level 3.2 Air Magic
 + Level 5.9 Poison Magic
 + Level 7.6 Invocations
 + Level 0.8 Evocations


You had 7 spell levels left.
You knew the following spells:

 Your Spells              Type           Power        Failure   Level  Hunger
b - Throw Frost           Conj/Ice       ######       1%          2    None
c - Ozocubu's Armour      Chrm/Ice       #######.     1%          3    None
d - Throw Icicle          Conj/Ice       #######.     1%          4    None
e - Summon Ice Beast      Ice/Summ       #######.     1%          4    None
f - Regeneration          Chrm/Necr      ######....   1%          3    None
g - Vampiric Draining     Necr           ######....   1%          3    None
h - Olgreb's Toxic Radia  Pois           ######..     1%          4    None
i - Freezing Cloud        Conj/Ice/Air   #######...   10%         6    None


Dungeon Overview and Level Annotations

Branches:
Dungeon (12/15)            Temple (1/1) D:7            Lair (6/6) D:8
 Shoals (0/4) Lair:4       Spider (0/4) Lair:2        Slime (0/5) Lair:5
    Orc (2/2) D:11            Elf (0/3) Orc:2

Altars:
Ashenzari
Cheibriados
Dithmenos
Elyvilon
Fedhas
Gozag
Hepliaklqana
Kikubaaqudgha
Makhleb
Nemelex Xobeh
Okawaru
Qazlal
Ru
Sif Muna
Trog
Uskayaw
Vehumet
Wu Jian
Xom
Yredelemnul
Zin
The Shining One
Jiyva

Shops:
D:11 !   Orc:2 :

Annotations:
D:2 Terence
Lair:5 1 runed door
Orc:2 Donald


Innate Abilities, Weirdness & Mutations

You have a pair of small antennae on your head.
You are completely covered in large bone plates. (SH +8)
A demonic guardian rushes to your aid.
You sometimes gain a little power by taking damage.
You are resistant to hostile enchantments. (MR+)
You passively map a small area around you.
Your muscles are strong. (Str +2)


Message History

As you read the scroll of teleportation, it crumbles to dust.
You feel strangely unstable.
The orc knight burns!
The orc knight dies!
Cheibriados appreciates the change of pace.
Donald closely misses you.
You riposte.
Donald blocks your attack.
Donald is moderately wounded.
Unknown command.
Casting: Throw Icicle
Confirm with . or Enter, or press ? or * to list all spells.
Aiming: Throw Icicle
Press: ? - help, Shift-Dir - straight line, f/p - Donald
Aim: Donald, wielding a broad axe of chopping, wearing a glowing plate armour and wearing a shield (noxious fumes, moderately wounded, fast, unusually strong)
The shard of ice hits Donald.
Donald is heavily wounded.
The orc wizard is engulfed in noxious fumes.
The orc wizard appears confused.
Donald hits you with a broad axe of chopping!!!
* * * LOW HITPOINT WARNING * * *
You focus on the pain.
You feel your power returning.
You die...

, ,, ,... #........ ,
...., ##..#.... . ,...
*### ##...#..#.
..,##.###.## #...#.....
...#.#)#...####..###....
,
...§........##.....###..
...§§#3......#.......##.
...§§§§..##.###.....[...
....o§@@.###.#.≈≈≈≈≈≈≈≈≈
..o..##........≈#######≈
,, , ....
,###......≈#,,, #≈ ,...
,##.....≈# ,,#≈ ,
##....≈# , #≈ *
,,,,##...≈# ,#≈ * ,
#...≈# * * #≈ * * *,
,#....+ #≈ , , #....+ ,
#≈


You could see Donald, 2 orc wizards and a friendly smoke demon.

Vanquished Creatures
  Erolcha (D:9)
  A catoblepas (Lair:3)
  5 hydras
  A death knight (D:11)
  3 two-headed ogres
  An orc high priest (Orc:1)
  7 death yaks
  2 skeletal warriors
  An unseen horror (D:12)
  The ghost of Lochraine the Chiller, a novice MfIE of Hepliaklqana (D:7)
  2 orc knights
  An orc sorcerer (Orc:1)
  A manticore (Lair:6)
  15 cyclopes
  8 elephants
  2 black mambas
  8 spiny frogs
  7 komodo dragons
  A rime drake (Lair:5)
  2 tengu conjurers (D:11)
  A troll (D:9)
  6 hornets (Lair:6)
  2 polar bears (Lair:6)
  16 blink frogs
  10 dream sheep
  10 hippogriffs
  A wyvern (D:8)
  13 spriggans
  A tarantella (Lair:2)
  24 yaks
  2 basilisks
  A hungry ghost (D:10)
  4 wargs
  9 water moccasins
  4 porcupines
  2 sky beasts
  23 orc warriors
  2 ice beasts
  5 black bears (Lair:6)
  A hornet zombie (D:11)
  3 necrophages
  5 boggarts (Lair:6)
  9 ogres
  4 phantoms
  4 centaurs
  31 wolves
  12 crocodiles
  10 bullfrogs
  4 big kobolds (D:8)
  2 scorpions
  13 killer bees
  7 wights (D:7)
  6 howler monkeys
  5 electric eels
  A lava snake (Orc:1)
  10 crimson imps
  A bullfrog zombie (D:6)
  8 hounds
  13 orc priests
  5 jellies
  2 centaur skeletons
  22 orc wizards
  5 iguanas
  10 worker ants
  2 hound skeletons
  2 worker ant zombies
  7 gnolls
  18 adders
  A worm (D:2)
  3 dart slugs
  6 leopard geckos
  79 orcs
  10 giant cockroaches
  7 goblins
  11 hobgoblins
  12 jackals
  10 kobolds
  7 quokkas
  4 ball pythons
  9 bats
  5 frilled lizards
  A quokka skeleton (D:8)
  A quokka zombie (D:7)
  6 rats
600 creatures vanquished.

Vanquished Creatures (collateral kills)
  A hydra (D:11)
  4 two-headed ogres
  A death yak (Lair:6)
  2 skeletal warriors
  An orc knight (Orc:2)
  A cyclops (D:12)
  5 elephants
  A black mamba (Lair:3)
  3 spiny frogs
  A centaur skeleton (D:9)
  2 trolls
  6 blink frogs
  A hippogriff (D:9)
  7 dream sheep
  12 yaks
  A wraith (D:11)
  A basilisk (Lair:3)
  A hungry ghost (D:9)
  2 water moccasins
  2 porcupines
  6 orc warriors (D:11)
  An ogre (D:11)
  6 wolves (Lair:6)
  2 crocodiles
  2 killer bees (D:10)
  3 wights (D:7)
  2 orc priests
  Jessica (D:2)
  A shadow imp (D:11)
  13 orcs
  A hobgoblin (D:2)
  2 jackals (D:11)
95 creatures vanquished.

Vanquished Creatures (others)
  8 fungi
  5 plants
13 creatures vanquished.

Grand Total: 708 creatures vanquished

Notes
Turn   | Place    | Note
-------+----------+-------------------------------------------
     0 | D:1      | dvd the Demonspawn Ice Elementalist began the quest for the Orb.
     0 | D:1      | Reached XP level 1. HP: 13/13 MP: 3/3
   243 | D:1      | Gained mutation: A weak demonic guardian rushes to your aid. [demonic ancestry]
   243 | D:1      | Reached XP level 2. HP: 17/19 MP: 1/5
   361 | D:1      | Learned a level 2 spell: Throw Frost
   616 | D:1      | Gained mutation: You are partially covered in large bone plates. (SH +4) [demonic ancestry]
   616 | D:1      | Reached XP level 3. HP: 20/24 MP: 2/6
   959 | D:1      | Learned a level 3 spell: Ozocubu's Armour
  1003 | D:2      | Found a stormy altar of Qazlal.
  1331 | D:2      | Reached XP level 4. HP: 31/31 MP: 2/7
  1625 | D:2      | Noticed Jessica
  1635 | D:2      | Killed Jessica
  1695 | D:2      | Found a snail-covered altar of Cheibriados.
  1791 | D:2      | Became a worshipper of Cheibriados the Contemplative
  1983 | D:2      | Found a deep blue altar of Sif Muna.
  1984 | D:2      | Noticed Terence
  2207 | D:3      | Gained mutation: You are mostly covered in large bone plates. (SH +6) [demonic ancestry]
  2207 | D:3      | Reached XP level 5. HP: 36/36 MP: 0/9
  2337 | D:3      | Reached * piety under Cheibriados
  2639 | D:3      | Found a faded altar of an unknown god.
  3123 | D:4      | Found a blossoming altar of Fedhas.
  3288 | D:4      | Noticed a phantom
  3304 | D:4      | Killed a phantom
  3304 | D:4      | Reached skill level 1 in Short Blades
  3304 | D:4      | Reached skill level 1 in Armour
  3304 | D:4      | Gained mutation: You are completely covered in large bone plates. (SH +8) [demonic ancestry]
  3304 | D:4      | Reached XP level 6. HP: 42/42 MP: 6/11
  3435 | D:4      | Found a white marble altar of Elyvilon.
  3435 | D:4      | Found an iron altar of Okawaru.
  3503 | D:4      | Reached skill level 1 in Fighting
  3558 | D:4      | Reached ** piety under Cheibriados
  3702 | D:4      | Reached skill level 1 in Maces & Flails
  4290 | D:4      | Learned a level 4 spell: Throw Icicle
  4426 | D:5      | Entered Level 5 of the Dungeon
  4473 | D:5      | Gained mutation: You sometimes gain a little power by taking damage. [demonic ancestry]
  4473 | D:5      | Reached XP level 7. HP: 34/48 MP: 9/12
  4834 | D:5      | Found a stormy altar of Qazlal.
  5019 | D:5      | Found a burning altar of Makhleb.
  5019 | D:5      | Found a shimmering altar of Xom.
  5230 | D:6      | Reached skill level 5 in Ice Magic
  5242 | D:6      | Reached *** piety under Cheibriados
  5246 | D:6      | Reached skill level 1 in Charms
  5321 | D:6      | Reached XP level 8. HP: 51/54 MP: 8/14
  5381 | D:6      | Noticed a hippogriff
  5394 | D:6      | Killed a hippogriff
  5467 | D:6      | Reached skill level 5 in Spellcasting
  6007 | D:7      | Reached **** piety under Cheibriados
  6034 | D:7      | Found a staircase to the Ecumenical Temple.
  6058 | Temple   | Entered the Ecumenical Temple
  6317 | D:7      | Reached XP level 9. HP: 47/61 MP: 11/17
  6459 | D:7      | Noticed Lochraine's ghost (novice MfIE)
  6477 | D:7      | Killed Lochraine's ghost
  6510 | D:7      | Gained mutation: You are frail. (-10% HP) [potion of mutation]
  6510 | D:7      | Gained mutation: Your muscles are strong. (Str +2) [potion of mutation]
  6604 | D:7      | Found a glowing silver altar of Zin.
  6663 | D:7      | Reached skill level 5 in Maces & Flails
  7052 | D:7      | Reached XP level 10. HP: 34/61 MP: 15/20
  7095 | D:7      | Found a shadowy altar of Dithmenos.
  7213 | D:8      | Reached ***** piety under Cheibriados
  7304 | D:8      | Noticed a two-headed ogre
  7312 | D:8      | Killed a two-headed ogre
  7355 | D:8      | Noticed a two-headed ogre
  7367 | D:8      | Killed a two-headed ogre
  7435 | D:8      | Learned a level 4 spell: Summon Ice Beast
  7445 | D:8      | Reached skill level 5 in Stealth
  7458 | D:8      | Learned a level 3 spell: Regeneration
  7480 | D:8      | Learned a level 3 spell: Vampiric Draining
  7761 | D:8      | Found a staircase to the Lair.
  7887 | D:8      | Reached skill level 1 in Invocations
  7960 | D:8      | Noticed a three-headed hydra
  7966 | D:8      | Killed a three-headed hydra
  8187 | D:9      | Gained mutation: A demonic guardian rushes to your aid. [demonic ancestry]
  8187 | D:9      | Reached XP level 11. HP: 68/68 MP: 13/22
  8378 | D:9      | Noticed Erolcha
  8385 | D:9      | Killed Erolcha
  9094 | D:10     | Entered Level 10 of the Dungeon
  9201 | D:10     | Reached ****** piety under Cheibriados
  9247 | D:10     | Noticed a two-headed ogre
  9338 | D:10     | Killed a two-headed ogre
  9338 | D:10     | Reached skill level 5 in Invocations
  9361 | D:10     | Lost mutation: You are frail. (-10% HP) [potion of mutation]
  9361 | D:10     | Gained mutation: You passively map a small area around you. [potion of mutation]
  9361 | D:10     | Gained mutation: You are resistant to hostile enchantments. (MR+) [potion of mutation]
  9623 | D:11     | Noticed a five-headed hydra
  9629 | D:11     | Killed a five-headed hydra
  9633 | D:11     | Found Anasih's Distillery.
  9747 | D:11     | Noticed a two-headed ogre
  9753 | D:11     | Killed a two-headed ogre
  9818 | D:11     | Noticed an orc knight
  9842 | D:11     | Killed an orc knight
 10391 | D:11     | Found a staircase to the Orcish Mines.
 10654 | D:11     | Noticed a death knight
 10656 | D:11     | Noticed a skeletal warrior
 10714 | D:11     | Noticed a two-headed ogre
 10719 | D:11     | Killed a two-headed ogre
 10745 | D:11     | Noticed a skeletal warrior
 10749 | D:11     | Killed a death knight
 10749 | D:11     | Reached skill level 1 in Necromancy
 10749 | D:11     | Gained mutation: You have a pair of small antennae on your head. [demonic ancestry]
 10749 | D:11     | Reached XP level 12. HP: 84/84 MP: 8/24
 10758 | D:11     | Reached skill level 1 in Summonings
 10793 | D:11     | Noticed a two-headed ogre
 10855 | D:11     | Killed a two-headed ogre
 11274 | D:11     | Learned a level 4 spell: Olgreb's Toxic Radiance
 11437 | D:12     | Noticed a two-headed ogre
 11443 | D:12     | Killed a two-headed ogre
 11443 | D:12     | Reached skill level 5 in Conjurations
 11747 | D:12     | Reached skill level 1 in Poison Magic
 12006 | D:12     | Reached skill level 5 in Dodging
 12374 | Lair:1   | Entered Level 1 of the Lair of Beasts
 12859 | Lair:1   | Noticed a five-headed hydra
 12864 | Lair:1   | Killed a five-headed hydra
 13048 | Lair:2   | Found a hole to the Spider Nest.
 13177 | Lair:2   | Got a polished short sword
 13471 | Lair:2   | You fall through a shaft for 2 floors!
 13578 | Lair:4   | Reached skill level 5 in Fighting
 13755 | Lair:3   | Noticed a catoblepas
 13769 | Lair:3   | Killed a catoblepas
 13912 | Lair:3   | Reached XP level 13. HP: 77/91 MP: 19/26
 14573 | Lair:2   | Reached skill level 10 in Ice Magic
 15306 | Lair:3   | Reached skill level 10 in Spellcasting
 15658 | Lair:4   | Found a staircase to the Shoals.
 16041 | Lair:4   | Identified the +7 short sword of Wrongful Imprisonment {pierce, rPois Str+2} (You found it on level 2 of the Lair of Beasts)
 16435 | Lair:5   | Got a crude mace
 16436 | Lair:5   | Identified the +9 mace "Oqosusof" {drain, rC+} (You found it on level 5 of the Lair of Beasts)
 16658 | Lair:5   | Learned a level 6 spell: Freezing Cloud
 16689 | Lair:5   | Reached skill level 5 in Charms
 16850 | Lair:5   | Found a runed door.
 16851 | Lair:5   | Found a viscous altar of Jiyva.
 16851 | Lair:5   | Found a staircase to the Slime Pits.
 16851 | Lair:5   | Noticed an acid blob
 16851 | Lair:5   | Noticed an acid blob
 16852 | Lair:5   | Noticed an acid blob
 17117 | Lair:6   | Entered Level 6 of the Lair of Beasts
 17144 | Lair:6   | Reached skill level 1 in Air Magic
 17373 | Lair:6   | Reached XP level 14. HP: 98/98 MP: 13/28
 18080 | Lair:6   | Got an ancient robe
 18080 | Lair:6   | Got an ancient ivory ring
 18083 | Lair:6   | Identified the ring of Facosal {rC+ rN++ Str-5 Int+3} (You took it off a spriggan on level 6 of the Lair of Beasts)
 18099 | Lair:6   | Reached skill level 5 in Poison Magic
 18130 | Lair:6   | Identified the +3 robe of the Equator {rElec Dex-3 Slay+5} (You took it off a spriggan on level 6 of the Lair of Beasts)
 18368 | Lair:6   | Got a spiked cloak
 18379 | Lair:6   | Identified the cursed +0 cloak "Kech" {rElec rC- Int+3 Stlth+} (You found it on level 6 of the Lair of Beasts)
 19002 | Orc:1    | Entered Level 1 of the Orcish Mines
 20341 | Orc:1    | Got a crude scimitar {slice}
 20342 | Orc:1    | Identified the +10 scimitar "Pendulum" {slice, *Contam Str+3 Int+6} (You took it off an orc warrior on level 1 of the Orcish Mines)
 20347 | Orc:1    | Got a shimmering demon whip {drain}
 20348 | Orc:1    | Identified the +5 demon whip "Fegimirgh" {drain, *Corrode +Blink Str+5 Dex+3} (You took it off an orc on level 1 of the Orcish Mines)
 20443 | Orc:1    | Noticed a fire giant
 20619 | Orc:2    | Entered Level 2 of the Orcish Mines
 20628 | Orc:2    | Reached skill level 1 in Long Blades
 20724 | Orc:2    | Found Leruj's Book Shoppe.
 20766 | Orc:2    | Found a burning altar of Makhleb.
 20793 | Orc:2    | Found a staircase to the Elven Halls.
 20886 | Orc:2    | Noticed Donald
 20895 | Orc:2    | HP: 1/99 [Donald/broad axe of chopping (44)]
 20895 | Orc:2    | Mangled by Donald

Vault maps used:
D:1:      saegor_arrival_simple_d
D:2:      nicolae_overflow_hidden_temple, cheibriados_altar_1,
          grunt_qazlal_sundering, uniq_terence, uniq_jessica
D:3:      chequers_ecumenical_altar_simple, first_bread, supply_closet_lemuel
D:4:      gammafunk_temple_overflow_elements, fedhas_altar_2
D:5:      grunt_temple_overflow_champion_of_chaos, marbit_many_paths
D:7:      zin_treasury, minmay_temple_entry_grid, grunt_dithmenos_shadows
D:8:      lair_entry_dummy, hangedman_ranch
D:9:      uniq_erolcha
D:10:     minmay_misc_feat_chi
D:11:     erik_orc_2, serial_glass, glass_columns_c, glass_columns_a,
          serial_shops, shop
Temple:   minmay_temple_curvy_branch
Lair:1:   serial_bayou_shore_a, lemuel_fruit_tree
Lair:2:   cheibrodos_lair_river_kwai, spider_nest_entry_rubble,
          grunt_megastairs_1
Lair:4:   shoals_dummy_entry, minmay_holes, grunt_forest_large_clearing_hut,
          serial_bayou_shore_b
Lair:5:   slime_altar_2
Lair:6:   minmay_lair_end_enchanted_forest
Orc:1:    giant_chief_lemuel
Orc:2:    grunt_orc_tribal_feast, basic_altar, serial_shops, shop,
          nicolae_orc_rockfall, nooodl_orcs_dogs, uniq_donald

Skill      XL: |  1  2  3  4  5  6  7  8  9 10 11 12 13 14 |
---------------+-------------------------------------------+-----
Ice Magic      | 3 4 5 6 7 8 9 11 | 11.4
Stealth        | 2 3 4 5 |  5.7
Dodging        | 2 3 4 5 6 |  6.3
Spellcasting   | 3 4 5 6 7 8 9 10 11 | 11.9
Short Blades   | 1 |  1.7
Armour         | 1 2 |  2.8
Fighting       | 1 2 3 4 5 |  5.8
Maces & Flails | 2 4 5 6 7 8 9 |  9.5
Conjurations   | 2 4 5 6 |  6.6
Charms         | 1 2 3 4 5 |  5.6
Invocations    | 3 6 7 |  7.6
Necromancy     | 1 2 |  2.9
Summonings     | 1 2 |  2.2
Poison Magic   | 3 4 5 |  5.9
Air Magic      | 1 3 |  3.2
Long Blades    | 1 |  1.2
Evocations     | |  0.8

Action                   |  1- 3 |  4- 6 |  7- 9 | 10-12 | 13-15 || total
-------------------------+-------+-------+-------+-------+-------++-------
Melee: Dagger            |    54 |    46 |       |       |       ||   100
       Rapier            |       |    66 |       |       |       ||    66
       Short sword       |       |     8 |       |       |       ||     8
       Flail             |       |    47 |   141 |   371 |    54 ||   613
       Halberd           |       |       |       |     1 |       ||     1
       Mace              |       |       |       |       |   248 ||   248
       Scimitar          |       |       |       |       |    26 ||    26
Throw: Tomahawk          |       |     1 |       |       |       ||     1
 Cast: Freeze            |    38 |    75 |    47 |    42 |     1 ||   203
       Throw Frost       |     1 |    18 |    32 |    65 |    26 ||   142
       Ozocubu's Armour  |     3 |    20 |    25 |    79 |    59 ||   186
       Throw Icicle      |       |       |     8 |    99 |    85 ||   192
       Regeneration      |       |       |       |    11 |    14 ||    25
       Vampiric Draining |       |       |       |     9 |    12 ||    21
       Summon Ice Beast  |       |       |       |     9 |    10 ||    19
       Olgreb's Toxic Ra |       |       |       |    10 |    61 ||    71
       Freezing Cloud    |       |       |       |       |     5 ||     5
Invok: Bend Time         |       |       |       |     1 |       ||     1
       Slouch            |       |       |       |       |     4 ||     4
Evoke: Wand              |       |       |     1 |    10 |     6 ||    17
  Use: Scroll            |       |     6 |     6 |    19 |     6 ||    37
       Potion            |       |       |    11 |     4 |     1 ||    16
 Stab: Sleeping          |     7 |     4 |     2 |     7 |     4 ||    24
       Distracted        |       |       |     3 |     3 |     2 ||     8
       Paralysed         |       |       |       |     3 |       ||     3
  Eat: Chunk             |     2 |    10 |     6 |    15 |    11 ||    44
       Meat ration       |       |       |       |     1 |       ||     1
       Royal jelly       |       |       |       |       |     1 ||     1
Armor: Leather armour    |    20 |    77 |    53 |       |       ||   150
       Robe              |       |       |       |   137 |   102 ||   239
Dodge: Dodged            |    46 |   124 |    77 |   344 |   302 ||   893
Block: Other             |     9 |    56 |    59 |   186 |   149 ||   459
       Rpst.: Scimitar   |       |       |       |       |     7 ||     7
